 Dungeon Crawl Stone Soup version 0.24.0-10-g970556be89 (console) character file.

Game seed: 12519751161348301058, levelgen mode: deterministic

16 AlterAsc the Insei (level 2, -1/18 HPs)
             Began as an Octopode Transmuter on Nov 4, 2019.
             Killed from afar by Sigmund (4 damage)
             ... with a magic dart
             ... on level 2 of the Dungeon.
             The game lasted 00:00:41 (64 turns).

AlterAsc the Insei (Octopode Transmuter)              Turns: 64, Time: 00:00:41

Health: -1/18      AC:  1    Str:  9    XL:     2   Next: 58%
Magic:  5/5        EV: 13    Int: 15    God:
Gold:   0          SH:  0    Dex: 12    Spells: 4/5 levels left

rFire    . . .     SeeInvis .     - Unarmed
rCold    . . .     Gourm    .   (no shield)
rNeg     . . .     Faith    .   (helmet restricted)
rPois    .         Spirit   .   (no amulet)
rElec    .         Reflect  .   (no ring)
rCorr    .         Harm     .   (no ring)
MR       .....                  (no ring)
Stlth    ++........             (no ring)
HPRegen  0.06/turn              (no ring)
MPRegen  0.09/turn              (no ring)
                                (no ring)
                                (no ring)

@: confused
A: almost no armour, stealthy swim, amphibious, 8 rings, constrict 8, camouflage
1, gelatinous body 1
a: no special abilities


You were on level 2 of the Dungeon.
You were not hungry.

You visited 1 branch of the dungeon, and saw 2 of its levels.

Inventory:

Missiles
 a - 12 arrows
Potions
 b - a potion of ambrosia {unknown}
Comestibles
 c - a ration


   Skills:
 - Level 1.3 Fighting
 - Level 2.2 Dodging
 - Level 3.1 Unarmed Combat
 + Level 2.2 Spellcasting
 * Level 2.2 Transmutations


You had 4 spell levels left.
You knew the following spells:

 Your Spells              Type           Power        Failure   Level  Hunger
a - Beastly Appendage     Tmut           #.....       9%          1    #......

Your spell library contained the following spells:

 Spells                   Type           Power        Failure   Level  Hunger
 Sticks to Snakes         Tmut           #.......     13%         2    ###....
 Spider Form              Tmut/Pois      #.........   38%         3    ###....
 Ice Form                 Ice/Tmut       #.......     80%         4    #####..
 Blade Hands              Tmut           #.........   94%         5    ######.


Dungeon Overview and Level Annotations

Branches:
Dungeon (1/15)

Altars:

Annotations:
D:2 Sigmund


Innate Abilities, Weirdness & Mutations

You cannot wear most types of armour.
You are very stealthy in the water. (Stealth+)
You are amphibious.
You can wear up to eight rings at the same time.
You can use your tentacles to constrict eight enemies at once.
Your skin changes colour to match your surroundings (Stealth+).
Your rubbery body absorbs attacks. (AC +1, EV +1)


Message History

You are too injured to fight recklessly!
You are too injured to fight recklessly!
You are too injured to fight recklessly!
You fall into a shaft and drop 1 floor!
The shaft crumbles and collapses.
Found 16 gold pieces.
Found a stone staircase leading up.
A rat and Sigmund come into view.
Found 14 stones.
Sigmund misses you. Sigmund gestures at you while chanting.
You are confused.
Found 15 poisoned darts.
There is a stone staircase leading up here.
Sigmund hits you from afar with a +0 scythe.
* * * LOW HITPOINT WARNING * * *
In your confused state, you trip and fall back down the stairs.
* * * LOW HITPOINT WARNING * * *
Sigmund casts a spell at you. The magic dart hits you.
You die...

.... #...#
####.#.######
####...........##
#...............##
(................#
##.......@.......#
.................#
.......@.........#
...........$.....#
###.............##
##........r..##
##..##.###### #.#
..# #. .## #. .


You could see Sigmund and a rat (sleeping).

Vanquished Creatures
  2 dart slugs (D:1)
  A giant cockroach (D:1)
  A hobgoblin (D:1)
  3 jackals (D:1)
  2 bats (D:1)
  2 kobolds (D:1)
  2 rats (D:1)
13 creatures vanquished.

Notes
Turn   | Place    | Note
-------+----------+-------------------------------------------
     0 | D:1      | AlterAsc the Octopode Transmuter began the quest for the
                  | Orb.
     0 | D:1      | Reached XP level 1. HP: 13/13 MP: 3/3
    23 | D:1      | Reached XP level 2. HP: 12/18 MP: 5/5
    55 | D:1      | You fall into a shaft and drop 1 floor!
    56 | D:2      | Noticed Sigmund
    64 | D:2      | Killed from afar by Sigmund

Levels and vault maps discovered:
D:1:      erik_arrival_triangle_small, layout_rooms, minmay_misc_feat_ornament
D:2:      layout_rooms, chequers_temple_overflow_statue_of_worship,
          first_ration, uniq_sigmund, uniq_jessica

Action                   || total
-------------------------++-------
Melee: Unarmed           ||    30
       Constrict         ||    11
       Kick              ||     4
       Punch             ||     3
       Tentacles         ||     3
 Cast: Beastly Appendage ||     1
Armor: Skin              ||     1
Dodge: Dodged            ||    17
